AoeStats
← luludul

Nomad

509854428Analyzed
2v2 RM · 3d ago on Sep 28, 2026· 20m 58s· 4 players
Game mode
Random Map
Map size
176×176
Population
200
Speed
Normal
Resources
Standard
Victory
Conquest
Starting age
Dark Age
Ending age
Imperial Age
RankedLock teamsTeams togetherTeam positionsShared explorationLock speedFull tech treeHidden civsTurbo modeCheats
Victory
Defeat
🇩🇪 Byzantines · Germany
1141
+18
🇰🇷 Malay · South Korea
1135
+18
🇫🇷 Khmer · France
1178
-18
🇹🇷 Khmer · Türkiye
1176
-18
ДУДОЛ ДЖАМП
5:08 Loom
13:07 Feudal Age
16:55 Castle Age
17:19 Double-Bit Axe
20:09 Gold Mining
MagnificentBaby
5:02 Loom
12:47 Feudal Age
14:00 Gold Mining
18:09 Wheelbarrow
20:29 Castle Age
20:07 Double-Bit Axe
21:44 Medium Warships
Hedip
7:36 Loom
14:43 Feudal Age
18:13 Castle Age
17:17 Double-Bit Axe
luludul
12:56 Loom
14:41 Feudal Age
16:42 Gold Mining
16:40 Double-Bit Axe
22:05 Castle Age
Connection lost

Rejoining the realm…

Still unreachable

The connection could not be restored.

Session expired

The server has moved on; the page needs a fresh start.